 Dungeon Crawl Stone Soup version 0.31-a0-214-gb37851dbb3 (webtiles) character file.

Game seed: 964129501784530571

147 qw the Chopper (level 5, 0/32 HPs)
             Began as a Gargoyle Fighter on July 1, 2023.
             Slain by Duvessa
             ... wielding a +0 short sword
              (6 damage)
             ... on level 4 of the Dungeon.
             The game lasted 00:01:09 (1772 turns).

qw the Chopper (Gargoyle Fighter)                   Turns: 1772, Time: 00:01:10

Health: 0/32       AC: 23    Str: 22    XL:     5   Next: 29%
Magic:  5/5        EV:  6    Int:  8    God:
Gold:   138        SH:  4    Dex:  9    Spells: 4/4 levels left

rFire   . . .        Y - +0 war axe (protect)
rCold   . . .        c - +0 buckler
rNeg    + + +        q - +0 plate armour
rPois   inf          (no helmet)
rElec   +            (no cloak)
rCorr   .            b - +0 pair of gloves
SInv    .            (no boots)
Will    .....        (no amulet) Stlth
                     j - ring of positive energy
HPRegen 0.25/turn    l - ring of positive energy
MPRegen 0.09/turn

%: no passive effects
@: lit by a corona, under a protective aura, glowing
A: sickness immunity, AC +4, negative energy resistance 1, electricity
resistance, torment resistance 1, petrification resistance
a: no special abilities


You were on level 4 of the Dungeon.
You visited 1 branch of the dungeon, and saw 4 of its levels.

You collected 138 gold pieces.


Innate Abilities, Weirdness & Mutations

You are immune to sickness and miasma.
Your stone body is resilient. (AC +4)
You are immune to poison.
You resist negative energy. (rN+)
You are resistant to electric shocks. (rElec)
You are resistant to unholy torment.
You are immune to petrification.


   Skills:
 - Level 3.2 Fighting
 + Level 4.6 Axes
 - Level 1.1 Throwing
 - Level 3.2 Armour
 - Level 3.2 Shields


You had 4 spell levels left.
You didn't know any spells.
Your spell library was empty.

Inventory:

Hand Weapons
 p - a +0 flail
 Y - a +0 war axe of protection (weapon)
Missiles
 n - 3 silver javelins (quivered)
Armour
 b - a +0 pair of gloves (worn)
 c - a +0 buckler (worn)
 q - a +0 plate armour (worn)
Jewellery
 j - a ring of positive energy (left hand)
 l - a ring of positive energy (right hand)
Scrolls
 h - a scroll of identify
Potions
 a - 2 potions of curing
 d - 2 potions of might
 i - a potion of magic {unknown}
 k - a potion of ambrosia {unknown}
 m - a potion of berserk rage {unknown}

Dungeon Overview and Level Annotations

Branches:
Dungeon (4/15)
 Temple: D:4-7

Altars:
Ru

Shops:
D:1 ??[?[

Annotations:
D:4 Duvessa


Message History

Duvessa seems to speed up.
You block Duvessa's attack.
You barely miss Duvessa.
Duvessa is almost dead.
You hit Dowan but do no damage. Duvessa barely misses you.
You block Dowan's attack. Duvessa hits you with a +0 short sword!
Dowan hits you but does no damage.
1765 ||| DRINKING potion of heal wounds.
You feel much better. Duvessa hits you but does no damage. x2
Dowan says, "My weaknesses are her strengths!"
You block Dowan's attack.
You hit Duvessa.
Duvessa is almost dead.
You hit Dowan but do no damage. Duvessa hits you but does no damage.
You block Dowan's attack. Duvessa hits you but does no damage.
You barely miss Duvessa.
Duvessa is almost dead.
You slash Dowan!
You kill Dowan!
Duvessa screams, "No!
How DARE you!"
Duvessa goes berserk!
Duvessa hits you but does no damage. Duvessa hits you with a +0 short sword.
You have reached level 5!
You hit Duvessa but do no damage.
Duvessa is almost dead.
Duvessa hits you but does no damage. x2
You barely miss Duvessa.
Duvessa is almost dead.
Duvessa barely misses you. Duvessa hits you with a +0 short sword.
You barely miss Duvessa.
Duvessa is almost dead.
Duvessa hits you with a +0 short sword! Duvessa hits you with a +0 short sword.
You hit Duvessa.
Duvessa is almost dead.
Duvessa hits you with a +0 short sword! You block Duvessa's attack.
You hit Duvessa but do no damage.
Duvessa is almost dead.
Duvessa hits you with a +0 short sword.
You die...

#+#### #.#.. ..
#########.#.######.#.
..........#.#........
....................#
...................#.
..................#.#
#......<#...#e)....#.
#.#####.#.###@#
..#.....# ##.#######
... #.# ... #.#


You could see Duvessa (berserk, fast).

Vanquished Creatures
  Dowan (D:4)
  2 adders
  5 dart slugs
  3 orcs (D:3)
  4 bats
  5 endoplasms (D:2)
  2 giant cockroaches (D:1)
  3 goblins
  8 hobgoblins
  4 kobolds (D:1)
  4 quokkas
  9 ball pythons
  7 frilled lizards
  5 rats
62 creatures vanquished.

Notes
Turn   | Place    | Note
-------+----------+-------------------------------------------
     0 | D:1      | qw the Gargoyle Fighter began the quest for the Orb.
     0 | D:1      | Reached XP level 1. HP: 14/14 MP: 1/1
     0 | D:1      | 0 ||| qw: Version: 0.3-a-32-g5962c71
     0 | D:1      | 0 ||| qw: Game counter: 7561
     0 | D:1      | 0 ||| qw: Melee chars always use a shield: true
     0 | D:1      | 0 ||| qw: God list: Okawaru
     0 | D:1      | 0 ||| qw: Allow faded altars: false
     0 | D:1      | 0 ||| qw: Do Orc after clearing Dungeon:15 true
     0 | D:1      | 0 ||| qw: Do second Lair branch before Depths: true
     0 | D:1      | 0 ||| qw: Lair rune preference: random
     0 | D:1      | 0 ||| qw: Goals: Normal, Zot:1-4, Slime:5, God:TSO, Crypt,
                  | Tomb, Abyss, Pan, Hells, Win
     0 | D:1      | 0 ||| PLANNING D:1-11
    26 | D:1      | Found Luosyes's Antique Armour Emporium.
    28 | D:1      | 28 ||| Stepping ~*~*~tactically~*~*~ (hiding).
    40 | D:1      | Reached skill level 2 in Axes
    62 | D:1      | Reached XP level 2. HP: 19/19 MP: 2/2
    90 | D:1      | 90 ||| Stepping ~*~*~tactically~*~*~ (stealth).
    91 | D:1      | 91 ||| Stepping ~*~*~tactically~*~*~ (stealth).
    98 | D:1      | Found Fuamuarr's Antique Armour Shop.
   103 | D:1      | 103 ||| SHOPLISTING chain mail (90 gold, have 0).
   103 | D:1      | 103 ||| SHOPLISTING faintly glowing chain mail (190 gold,
                  | have 0).
   103 | D:1      | 103 ||| SHOPLISTING glowing scale mail (140 gold, have 0).
   103 | D:1      | 103 ||| SHOPLISTING plate armour (460 gold, have 0).
   127 | D:1      | 127 ||| SHOPLISTING runed orb (276 gold, have 0).
   127 | D:1      | 127 ||| SHOPLISTING runed plate armour (598 gold, have 0).
   127 | D:1      | 127 ||| SHOPLISTING runed ring mail (161 gold, have 0).
   127 | D:1      | 127 ||| SHOPLISTING steaming helmet (218 gold, have 0).
   160 | D:1      | Found Jiega's Magic Scroll Emporium.
   174 | D:1      | 174 ||| SHOPLISTING scroll of brand weapon (95 gold, have
                  | 8).
   174 | D:1      | 174 ||| SHOPLISTING scroll of identify (20 gold, have 8).
   174 | D:1      | 174 ||| SHOPLISTING scroll of teleportation (30 gold, have
                  | 8).
   238 | D:1      | Found Rakod's Magic Scroll Shop.
   246 | D:1      | 246 ||| SHOPLISTING scroll of identify (22 gold, have 8).
   267 | D:1      | Reached skill level 3 in Axes
   353 | D:1      | Reached XP level 3. HP: 23/23 MP: 3/3
   377 | D:1      | Found Oguloriy's Magic Scroll Shoppe.
   393 | D:1      | 393 ||| SHOPLISTING scroll of identify (24 gold, have 8).
   393 | D:1      | 393 ||| SHOPLISTING scroll of teleportation (36 gold, have
                  | 8).
   495 | D:1      | 495 ||| UPGRADING to +0 chain mail.
   505 | D:1      | 505 ||| DROPPING +0 scale mail.
   506 | D:1      | 506 ||| READING scroll labelled NAPSIZ WAMAE.
   569 | D:2      | 569 ||| Stepping ~*~*~tactically~*~*~ (stealth).
   601 | D:2      | 601 ||| FLEEEEING.
   606 | D:2      | 606 ||| STAIRDANCE
   688 | D:2      | 688 ||| DROPPING +0 club.
   822 | D:2      | Reached XP level 4. HP: 28/28 MP: 4/4
   923 | D:2      | 923 ||| Stepping ~*~*~tactically~*~*~ (hiding).
  1076 | D:2      | Found a sacrificial altar of Ru.
  1230 | D:2      | 1230 ||| UPGRADING to +0 pair of gloves.
  1235 | D:2      | 1235 ||| UPGRADING to ring of positive energy.
  1236 | D:2      | 1236 ||| READING 2 scrolls labelled NIPHEIMN BUSMU.
  1237 | D:2      | 1237 ||| DRINKING 2 pink potions.
  1268 | D:3      | Reached skill level 1 in Throwing
  1458 | D:3      | 1458 ||| DROPPING +0 mace.
  1539 | D:3      | Reached skill level 4 in Axes
  1693 | D:3      | 1693 ||| UPGRADING to +0 plate armour.
  1703 | D:3      | 1703 ||| DROPPING +0 chain mail.
  1704 | D:3      | 1704 ||| UPGRADING to ring of positive energy.
  1705 | D:3      | 1705 ||| READING scroll labelled KIBUAQ XYCWUE.
  1722 | D:3      | 1722 ||| READING scroll labelled VOODAI ITTAF.
  1723 | D:3      | 1723 ||| DRINKING 3 glowing amethyst potions.
  1744 | D:4      | Noticed Dowan
  1745 | D:4      | 1745 ||| Stepping ~*~*~tactically~*~*~ (hiding).
  1746 | D:4      | Noticed Duvessa
  1747 | D:4      | 1747 ||| Stepping ~*~*~tactically~*~*~ (stealth).
  1764 | D:4      | HP: 2/28 [Duvessa/+0 short sword (8)]
  1765 | D:4      | 1765 ||| DRINKING potion of heal wounds.
  1767 | D:4      | Killed Dowan
  1768 | D:4      | Reached XP level 5. HP: 25/32 MP: 5/5
  1771 | D:4      | HP: 6/32 [Duvessa/+0 short sword (8)]
  1772 | D:4      | Slain by Duvessa

Levels and vault maps discovered:
D:1:      amcnicky_arrival_abandoned_market, layout_rooms, serial_shops,
          nicolae_shop_tiny_waterfront, shop, shop, nicolae_diamond_shop,
          nicolae_diamond_shop, kennysheep_decorative_pillar
D:2:      layout_rooms, basic_altar, kennysheep_generic_room_4
D:3:      layout_rooms, guppyfry_early_orc_mine
D:4:      layout_basic, nicolae_qazlal_eye_of_the_storm,
          minmay_temple_entry_grid, uniq_duvessa, uniq_pargi, uniq_blork_the_orc

Skill      XL: |  1  2  3  4 |
---------------+-------------+-----
Axes           | 2 3 4 |  4.6
Throwing       | 1 |  1.1
Fighting       | |  3.2
Armour         | |  3.2
Shields        | |  3.2

Action                     |  1- 3 |  4- 6 || total
---------------------------+-------+-------++-------
  Melee: War axe           |   107 |    68 ||   175
  Throw: Javelin           |     3 |    17 ||    20
    Use: Scroll            |     1 |     3 ||     4
         Potion            |       |     3 ||     3
 Armour: Scale mail        |    44 |       ||    44
         Chain mail        |    11 |    23 ||    34
         Plate armour      |       |    21 ||    21
  Dodge: Dodged            |    36 |    26 ||    62
  Block: Buckler           |    21 |    15 ||    36

Table legend:
 A = Non-vault XP
 B = Vault XP
 C = Vault XP percentage of total XP
 D = Non-vault monster count
 E = Vault monster count
 F = Vault count percentage of total count
                 A         B        C        D         E       F
            +---------+---------+-------+---------+---------+-------
      Total |     120 |      90 |  42.9 |      53 |       9 |  14.5
            +---------+---------+-------+---------+---------+-------
        D:1 |      51 |       0 |   0.0 |      27 |       0 |   0.0
        D:2 |      44 |       1 |   2.2 |      19 |       1 |   5.0
        D:3 |      25 |      17 |  40.5 |       7 |       7 |  50.0
        D:4 |       0 |      72 | 100.0 |       0 |       1 | 100.0
            +---------+---------+-------+---------+---------+-------
